 Dungeon Crawl Stone Soup version 0.25-a0-589-g1e14c549ee (webtiles) character file.

Game seed: 8291625427012417119, levelgen mode: deterministic

92 Kohma the Slasher (level 4, -7/35 HPs)
             Began as a Demonspawn Gladiator on Mar 11, 2020.
             Mangled by Terence
             ... wielding a +1 falchion of electrocution
              (17 damage)
             ... on level 3 of the Dungeon.
             The game lasted 00:04:44 (1969 turns).

Kohma the Slasher (Demonspawn Gladiator)            Turns: 1969, Time: 00:04:44

Health: -7/35      AC:  4    Str: 15    XL:     4   Next: 35%
Magic:  0/4        EV: 13    Int: 10    God:
Gold:   147        SH:  0    Dex: 14    Spells: 3/3 levels left

rFire    . . .     SeeInvis .   a - +0 long sword
rCold    . . .     Gourm    .   (no shield)
rNeg     . . .     Faith    .   b - +0 leather armour
rPois    +         Spirit   +   n - +1 hat
rElec    .         Reflect  .   t - scarf {cloud immunity}
rCorr    .         Harm     .   (no gloves)
MR       .....                  (no boots)
Stlth    +.........             (no amulet)
HPRegen  0.11/turn              w - ring of poison resistance
MPRegen  0.09/turn              (no ring)

@: no status effects
A: hooves 1, magic shield
a: no special abilities


You were on level 3 of the Dungeon.
You were not hungry.

You visited 1 branch of the dungeon, and saw 3 of its levels.

You collected 147 gold pieces.

Inventory:

Hand Weapons
 a - a +0 long sword (weapon)
 l - a +1 whip of electrocution
Missiles
 d - a throwing net (quivered)
Armour
 b - a +0 leather armour (worn)
 c - a +0 helmet
 n - a +1 hat (worn)
 t - a scarf of cloud immunity (worn)
Jewellery
 k - an uncursed ring of magical power {unknown}
 m - an uncursed amulet of the gourmand {unknown}
 q - a +2 ring of slaying {unknown}
 r - an uncursed ring of flight {unknown}
 v - an uncursed ring of magical power {unknown}
 w - a ring of poison resistance (left hand)
Scrolls
 g - 2 scrolls of fear {unknown}
 i - 7 scrolls of identify {unknown}
 o - a scroll of magic mapping {unknown}
 p - a scroll of amnesia {unknown}
 s - 2 scrolls of fog {unknown}
 u - a scroll of teleportation {unknown}
 x - a scroll of remove curse {unknown}
Potions
 e - a potion of flight {unknown}
 j - a potion of curing {unknown}
 z - a potion of berserk rage {unknown}
 A - a potion of magic {unknown}
Comestibles
 f - 7 rations
 h - 5 chunks of flesh


   Skills:
 + Level 3.4 Fighting
 + Level 3.7 Long Blades
 - Level 1.7 Throwing
 - Level 3.0 Dodging


You had 3 spell levels left.
You didn't know any spells.
Your spell library was empty.

Dungeon Overview and Level Annotations

Branches:
Dungeon (3/15)

Altars:

Annotations:
D:3 Terence


Innate Abilities, Weirdness & Mutations

You have large cloven feet.
When hurt, damage is shared between your health and your magic reserves.


Message History

Terence says, "How do you enjoy it?"
Terence hits you with a +1 falchion of electrocution.
You barely miss Terence.
Terence is heavily wounded.
Terence hits you with a +1 falchion of electrocution.
You barely miss Terence.
Terence is heavily wounded.
Terence hits you with a +1 falchion of electrocution.
You are electrocuted!
You hit Terence but do no damage. You kick Terence, but do no damage.
Terence is heavily wounded.
Terence closely misses you.
Throwing (i - inventory)
d - 2 throwing nets (quivered)
Press: ? - help, Shift-Dir - straight line, f/p - Terence
Aim: Terence, wielding a +1 falchion of electrocution and wearing a +4 chain mail of poison resistance (heavily wounded)
You throw a throwing net. The throwing net barely misses Terence.
Terence hits you with a +1 falchion of electrocution.
* * * LOW HITPOINT WARNING * * *
You are electrocuted!!
You die...

#.........#.#
########.#######(#.##########
.............................
#.........###.#.#.##.######
#.........# #.#.#.##.#
#.........### #.#....#
##...........# #.####.#
........)..###.#@# ....
##.............#@# ##.....
#........#.####.# #.......
##....(...#..# #.# #g......
.....(....##.# #.# #.......
###.).....# .. #.# #.......
##(###### #.##.# #.# [##.#
#.######## #+# #.#.........


You could see Terence.

Vanquished Creatures
  A gnoll (D:1)
  2 adders
  A dart slug (D:2)
  A leopard gecko (D:1)
  An orc (D:3)
  A ball python (D:1)
  8 bats
  3 giant cockroaches
  4 goblins
  6 hobgoblins
  5 jackals
  8 kobolds
  2 quokkas
  6 frilled lizards
  10 rats
59 creatures vanquished.

Notes
Turn   | Place    | Note
-------+----------+-------------------------------------------
     0 | D:1      | Kohma the Demonspawn Gladiator began the quest for the Orb.
     0 | D:1      | Reached XP level 1. HP: 16/16 MP: 1/1
   136 | D:1      | Gained mutation: When hurt, damage is shared between your
                  | health and your magic reserves. [demonic ancestry]
   136 | D:1      | Reached XP level 2. HP: 17/22 MP: 2/2
   577 | D:1      | Reached XP level 3. HP: 2/28 MP: 1/3
   580 | D:1      | HP: 1/28 [goblin/+0 club (1)]
  1636 | D:2      | Gained mutation: You have large cloven feet. [demonic
                  | ancestry]
  1636 | D:2      | Reached XP level 4. HP: 35/35 MP: 4/4
  1927 | D:3      | Noticed Terence
  1969 | D:3      | Mangled by Terence

Levels and vault maps discovered:
D:1:      wander_arrival_lonely_grave, layout_loops_corners,
          minmay_misc_feat_roman
D:2:      layout_rooms, chequers_serial_rivers_micro_a
D:3:      layout_basic, uniq_sigmund, uniq_terence, uniq_ijyb

Skill      XL: |  1  2  3 |
---------------+----------+-----
Long Blades    | 3 |  3.7
Dodging        | 3 |  3.0
Fighting       | 3 |  3.4
Throwing       | |  1.7

Action                   |  1- 3 |  4- 6 || total
-------------------------+-------+-------++-------
Melee: Long sword        |   114 |    52 ||   166
       Kick              |       |    16 ||    16
Throw: Throwing net      |       |     2 ||     2
  Eat: Chunk             |     3 |     1 ||     4
Armor: Leather armour    |    39 |    15 ||    54
Dodge: Dodged            |   114 |    51 ||   165
       Rpst.: Long sword |    35 |    19 ||    54

Table legend:
 A = Non-vault XP
 B = Vault XP
 C = Vault XP percentage of total XP
 D = Non-vault monster count
 E = Vault monster count
 F = Vault count percentage of total count
                 A         B        C        D         E       F
            +---------+---------+-------+---------+---------+-------
      Total |     132 |       0 |   0.0 |      59 |       0 |   0.0
            +---------+---------+-------+---------+---------+-------
        D:1 |      55 |       0 |   0.0 |      25 |       0 |   0.0
        D:2 |      50 |       0 |   0.0 |      25 |       0 |   0.0
        D:3 |      27 |       0 |   0.0 |       9 |       0 |   0.0
            +---------+---------+-------+---------+---------+-------
